AoeStats
← dexter

Black Forest

509224360Analyzed
4v4 RM · 7d ago on Sep 26, 2026· 47m 18s· 8 players
Game mode
Random Map
Map size
Large (8 player)
Population
200
Speed
Normal
Resources
Standard
Victory
Conquest
Starting age
Dark Age
Ending age
Imperial Age
RankedLock teamsTeams togetherTeam positionsShared explorationLock speedFull tech treeHidden civsTurbo modeCheats
Victory
Defeat
🇨🇱 Saxons · Chile
1073
+13
🇦🇷 Ethiopians · Argentina
1018
+15
🇹🇷 Portuguese · Türkiye
979
+17
🇨🇱 Khmer · Chile
927
+19
🇩🇪 Franks · Germany
1022
-17
🇵🇱 Varangians · Poland
995
-21
🇺🇸 Khmer · United States
994
-16
🇨🇦 Lithuanians · Canada
985
-15
PsychoGmoe
10:19 Loom
13:04 Feudal Age
13:44 Double-Bit Axe
16:32 Horse Collar
19:26 Castle Age
18:17 Horse Collar
18:38 Fletching
22:24 Forging
22:20 Scale Barding Armor
25:28 Bloodlines
26:38 Heavy Plow
28:46 Wheelbarrow
I Chris I4718
9:24 Loom
12:03 Feudal Age
16:03 Castle Age
14:20 Double-Bit Axe
18:19 Bow Saw
22:09 Gold Mining
22:19 Stone Mining
23:38 Scale Barding Armor
24:29 Husbandry
24:55 Forging
29:55 Treadmill Crane
33:29 Imperial Age
33:04 Chain Barding Armor
33:27 Iron Casting
33:35 Cavalier
35:53 Conscription
37:12 Ballistics
37:37 Plate Barding Armor
38:03 Blast Furnace
37:24 Paladin
39:28 Gold Shaft Mining
45:55 Wheelbarrow
Viking
5:08 Loom
14:49 Feudal Age
19:12 Castle Age
17:03 Double-Bit Axe
17:01 Horse Collar
22:49 Heavy Plow
23:36 Wheelbarrow
27:17 Scale Barding Armor
27:22 Forging
27:13 Vendel Legacy
28:43 Bloodlines
28:33 Husbandry
33:04 Chain Barding Armor
32:54 Forging
38:45 Iron Casting
41:19 Imperial Age
41:24 Cavalier
43:06 Plate Barding Armor
43:31 Blast Furnace
47:10 Conscription
AngryArtifact
10:58 Feudal Age
11:24 Double-Bit Axe
12:18 Horse Collar
14:01 Wheelbarrow
17:05 Gold Mining
20:25 Castle Age
20:24 Forging
20:08 Fletching
20:31 Pikeman
23:30 Hand Cart
31:06 Scale Barding Armor
33:30 Stone Mining
39:01 Bow Saw
43:05 Imperial Age
41:53 Squires
43:16 Halberdier
44:00 Scale Mail Armor
46:06 Chain Mail Armor
GENIACO
1:03 Loom
11:54 Feudal Age
12:32 Double-Bit Axe
17:51 Castle Age
16:22 Stone Mining
18:59 Horse Collar
20:35 Scale Mail Armor
26:06 Town Watch
28:13 Sanctity
31:38 Heavy Plow
37:01 Imperial Age
35:26 Chain Mail Armor
35:22 Forging
35:14 Gold Mining
36:40 Wheelbarrow
37:12 Iron Casting
38:22 Plate Mail Armor
38:35 Gold Shaft Mining
37:41 Pikeman
38:23 Squires
38:08 Arson
38:59 Conscription
40:42 Halberdier
Nyet ZanZon
3:08 Loom
10:32 Feudal Age
12:39 Wheelbarrow
17:20 Castle Age
19:47 Double-Bit Axe
19:46 Horse Collar
23:04 Light Cavalry
24:23 Bloodlines
27:53 Scale Barding Armor
28:51 Forging
34:00 Imperial Age
31:17 Town Watch
31:26 Gold Mining
31:26 Stone Mining
31:54 Heavy Plow
32:07 Bow Saw
32:03 Scale Mail Armor
32:46 Husbandry
33:55 Chain Barding Armor
33:51 Chain Mail Armor
34:45 Hand Cart
35:46 Plate Barding Armor
35:46 Iron Casting
37:14 Gold Shaft Mining
37:17 Stone Shaft Mining
36:20 Hussar
38:04 Chemistry
37:25 Ballistics
37:27 Conscription
38:40 Double Crossbow
39:36 Caravan
39:58 Heavy Scorpion
40:20 Heavy Scorpion
42:07 Pikeman
45:08 Blast Furnace
44:29 Halberdier
El Turco Pata Sucia
12:43 Feudal Age
17:27 Castle Age
15:52 Double-Bit Axe
16:47 Horse Collar
18:15 Gold Mining
18:49 Fletching
20:20 Fletching
21:54 Bow Saw
26:43 Forging
27:29 Squires
30:23 Arson
30:44 Scale Mail Armor
32:25 Gold Shaft Mining
35:09 Iron Casting
43:31 Imperial Age
42:37 Wheelbarrow
42:12 Heavy Plow
45:00 Conscription
44:09 Halberdier
45:59 Blast Furnace
46:05 Chemistry
dexter
0:58 Loom
11:58 Feudal Age
14:19 Double-Bit Axe
18:41 Castle Age
16:29 Horse Collar
18:49 Gold Mining
23:26 Bow Saw
24:51 Wheelbarrow
26:15 Hand Cart
26:07 Stone Mining
26:42 Fletching
26:54 Scale Mail Armor
26:19 Pikeman
26:44 Arson
29:06 Forging
29:20 Ballistics
29:13 Elite Skirmisher
31:58 Heavy Plow
34:38 Imperial Age
31:58 Town Watch
33:02 Chain Mail Armor
34:44 Halberdier
36:46 Iron Casting
42:13 Chemistry
43:25 Plate Mail Armor
43:56 Blast Furnace
43:13 Masonry
44:26 Conscription
46:23 Two-Man Saw
Connection lost

Rejoining the realm…

Still unreachable

The connection could not be restored.

Session expired

The server has moved on; the page needs a fresh start.